 Dungeon Crawl Stone Soup version 0.25-a0-690-g234afa57d4 (webtiles) character file.

Game seed: 1829905672998378744, levelgen mode: deterministic

2702 Error4North the Skirmisher (level 9, -1/74 HPs)
             Began as a Yellow Draconian Transmuter on Mar 30, 2020.
             Was a Follower of Sif Muna.
             Killed from afar by an electric eel (11 damage)
             ... with a bolt of electricity
             ... on level 7 of the Dungeon.
             The game lasted 01:40:54 (14193 turns).

Error4North the Skirmisher (DrTm)                  Turns: 14193, Time: 01:40:55

Health: -1/74      AC:  2    Str: 14      XL:     9   Next: 38%
Magic:  12/15      EV: 22    Int: 15      God:    Sif Muna [*.....]
Gold:   430        SH:  0    Dex: 14 (17) Spells: 4/16 levels left

rFire    . . .     SeeInvis .     - Unarmed
rCold    . . .     Gourm    .   (shield currently unavailable)
rNeg     . . .     Faith    .   (armour unavailable)
rPois    x         Spirit   .   (helmet currently unavailable)
rElec    .         Reflect  .   (cloak currently unavailable)
rCorr    .         Harm     .   (gloves currently unavailable)
MR       ++...                  (boots currently unavailable)
Stlth    ++++......             (no amulet)
HPRegen  0.22/turn              e - ring of stealth
MPRegen  0.14/turn              q - ring of stealth

@: spider-form (expiring), very slightly contaminated, lightly drained
A: tiny, (spit acid), unfitting armour, magic resistance 2, AC +7
a: End Transformation, Channel Magic, Renounce Religion


You were on level 7 of the Dungeon.
You worshipped Sif Muna.
Sif Muna was aware of your devotion.
You were not hungry.
You were a venomous arachnid creature.
You visited 2 branches of the dungeon, and saw 8 of its levels.

You collected 430 gold pieces.

Inventory:

Missiles
 h - 11 arrows
 k - 8 boomerangs (quivered)
 C - 51 stones
Magical Staves
 a - an uncursed staff of wizardry (melded)
Jewellery
 e - a ring of stealth (left front leg)
 q - a ring of stealth (right front leg)
Wands
 p - a wand of random effects (8)
 s - a wand of clouds (11)
 u - a wand of flame (8)
 y - a wand of disintegration (12)
 B - a wand of enslavement (20)
Scrolls
 b - a scroll of fog {unknown}
 d - 5 scrolls of teleportation
 f - 3 scrolls of enchant armour
 j - a scroll of amnesia
 l - 6 scrolls of identify
 m - 2 scrolls of enchant weapon {unknown}
 n - 2 scrolls of blinking {unknown}
 o - 3 scrolls of remove curse {unknown}
 t - a scroll of fear {unknown}
 D - a scroll of noise {unknown}
Potions
 g - a potion of might {unknown}
 i - a potion of lignification {unknown}
 r - 5 potions of flight
 v - a potion of ambrosia {unknown}
 z - a potion of brilliance {unknown}
 A - 2 potions of curing
Comestibles
 c - 2 rations


   Skills:
 * Level 5.3(4.9) Fighting
 + Level 2.9(2.5) Staves
 + Level 0.1(0.0) Throwing
 * Level 5.1(4.7) Dodging
 * Level 4.0(3.5) Stealth
 * Level 5.0(4.6) Unarmed Combat
 + Level 4.3(3.9) Spellcasting
 + Level 4.6(4.2) Transmutations
 + Level 0.3(0.0) Ice Magic
 * Level 4.3(3.9) Poison Magic
 * Level 3.1(2.7) Invocations


You had 4 spell levels left.
You knew the following spells:

 Your Spells              Type           Power        Failure   Level  Hunger
a - Beastly Appendage     Tmut           ###...       11%         1    None
b - Sticks to Snakes      Tmut           ###.....     14%         2    ##.....
c - Spider Form           Tmut/Pois      ###.......   26%         3    ###....
d - Ice Form              Ice/Tmut       #.......     78%         4    ####...
e - Freeze                Ice            #...         38%         1    None
f - Apportation           Tloc           #.....       38%         1    None

Your spell library contained the following spells:

 Spells                   Type           Power        Failure   Level  Hunger
 Summon Butterflies       Summ           #.......     38%         1    None
 Frozen Ramparts          Ice            #.....       71%         3    ###....
 Lesser Beckoning         Tloc           #.........   71%         3    ###....
 Ozocubu's Armour         Chrm/Ice       #.......     71%         3    ###....
 Tukima's Dance           Hex            #.......     71%         3    ###....
 Hailstorm                Conj/Ice       #.......     96%         4    ####...
 Summon Ice Beast         Ice/Summ       #.......     96%         4    ####...
 Blade Hands              Tmut           ###.......   83%         5    ######.
 Alistair's Intoxication  Tmut/Pois      ###.....     85%         5    ######.
 Invisibility             Hex            #.......     100%        6    #######


Dungeon Overview and Level Annotations

Branches:
Dungeon (7/15)             Temple (1/1) D:7

Altars:
Ashenzari
Cheibriados
Dithmenos
Elyvilon
Fedhas
Gozag
Hepliaklqana
Kikubaaqudgha
Makhleb
Nemelex Xobeh
Okawaru
Qazlal
Ru
Sif Muna
Trog
Uskayaw
Vehumet
Wu Jian
Xom
Yredelemnul
Zin
The Shining One

Shops:
D:7 (

Annotations:
D:3 Sigmund


Innate Abilities, Weirdness & Mutations

((You can spit globs of acid.))
((Your golden yellow scales are hard. (AC +7)))
You cannot fit into any form of body armour.
((You are cold-blooded and may be slowed by cold attacks.))
((You are resistant to acid. (rCorr)))
((You have a pair of small antennae on your head.))
((Your flesh is cold resistant. (rC+)))
You are highly resistant to hostile enchantments. (MR++)


Message History

The bolt of electricity hits you. The gnoll sergeant misses you.
The electric eel shoots out a bolt of lightning at you!
The bolt of electricity hits you! x2
The gnoll sergeant barely misses you.
As you read the scroll of teleportation, it crumbles to dust.
You feel strangely unstable.
The gnoll sergeant hits you from afar with a +0 spear.
* * * LOW HITPOINT WARNING * * *
The gnoll sergeant barely misses you.
Your surroundings suddenly seem different.
The electric eel shoots out a bolt of lightning at you!
The bolt of electricity misses you.
The electric eel shoots out a bolt of lightning at you!
The bolt of electricity hits you!
* * * LOW HITPOINT WARNING * * *
Your transformation is almost over.
The electric eel shoots out a bolt of lightning at you!
The bolt of electricity hits you!
You die...

...###........##...#
.......#####...#...#
........####......##
.##...........>....#######
...)#........>.......)...#
...................#####.#
..###.#............# #)##
.######...........## #..#
................s.## ##.#
..###...####.......## #.##
#.# ##.##.##........#####..#
..###..##..................##
..#.##......≈≈≈≈≈≈≈≈≈≈≈≈..((#
.......#>..≈≈.....g....≈≈...#
.......#..≈;.....##.g...≈.(.#
).#.......≈.....####....≈.(##
.##.......≈....## ##...≈.((##


You could see an electric eel and 2 gnolls.

Vanquished Creatures
  A hippogriff (D:7)
  Duvessa (D:5)
  A black bear (D:6)
  2 phantoms (D:5)
  2 ogres (D:5)
  A sky beast (D:5)
  A wolf (D:7)
  2 centaurs (D:7)
  A bullfrog (D:6)
  A gnoll sergeant (D:7)
  Dowan (D:5)
  A wight (D:6)
  A howler monkey (D:6)
  3 crimson imps
  A quasit (D:6)
  A bullfrog zombie (D:5)
  2 jellies
  7 hounds
  8 orc wizards
  4 gnoll shamans (D:7)
  3 worker ants
  3 hound skeletons
  A worker ant zombie (D:5)
  20 gnolls
  3 adders
  2 shadow imps
  An ooze (D:1)
  An adder zombie (D:5)
  4 worms
  3 dart slugs
  2 leopard geckos
  17 orcs
  8 bats
  7 giant cockroaches
  7 goblins
  8 hobgoblins
  3 jackals (D:7)
  4 quokkas
  A ball python (D:5)
  8 frilled lizards
  A jackal skeleton (D:5)
  8 kobolds (D:1)
  2 leopard gecko skeletons
  2 quokka skeletons
  4 rats (D:1)
  A fungus (D:3)
166 creatures vanquished.

Vanquished Creatures (collateral kills)
  An ice beast (D:5)
  An ogre (D:4)
  A scorpion (D:3)
  2 orc priests
  An orc wizard (D:5)
  A worker ant (D:4)
  An adder (D:3)
  An adder skeleton (D:5)
  5 orcs
  3 bats
  2 giant cockroaches
  2 jackals (D:3)
  4 kobolds
  A rat (D:2)
26 creatures vanquished.

Vanquished Creatures (others)
  A phantom (D:7)
  A bush (D:1)
2 creatures vanquished.

Grand Total: 194 creatures vanquished

Notes
Turn   | Place    | Note
-------+----------+-------------------------------------------
     0 | D:1      | Error4North the Draconian Transmuter began the quest for
                  | the Orb.
     0 | D:1      | Reached XP level 1. HP: 16/16 MP: 3/3
   118 | D:1      | Reached XP level 2. HP: 19/23 MP: 5/5
   382 | D:1      | Reached XP level 3. HP: 12/28 MP: 4/6
   497 | D:1      | Learned a level 2 spell: Sticks to Snakes
   739 | D:1      | Learned a level 3 spell: Spider Form
  1088 | D:2      | HP: 1/28 [orc wizard/magic dart (3)]
  1480 | D:2      | Reached XP level 4. HP: 16/35 MP: 1/7
  1702 | D:2      | Reached skill level 1 in Poison Magic
  2228 | D:3      | Reached XP level 5. HP: 41/41 MP: 3/8
  2274 | D:3      | Found a glowing silver altar of Zin.
  2351 | D:3      | Reached skill level 1 in Stealth
  2467 | D:3      | Noticed Sigmund
  2851 | D:4      | Noticed an ogre
  3809 | D:3      | Reached XP level 6. HP: 37/50 MP: 3/10
  4257 | D:5      | Entered Level 5 of the Dungeon
  4762 | D:5      | Your scales start taking on a golden yellow colour.
  4762 | D:5      | Reached XP level 7. HP: 13/57 MP: 9/11
  4762 | D:5      | Gained mutation: You are resistant to acid. (rCorr) [Yellow
                  | Draconian growth]
  5032 | D:5      | Noticed Duvessa
  5060 | D:5      | Noticed Dowan
  5692 | D:5      | Reached skill level 1 in Staves
  6111 | D:5      | Killed Duvessa
  6156 | D:5      | Killed Dowan
  6200 | D:5      | Reached XP level 8. HP: 61/66 MP: 13/13
  6654 | D:6      | Learned a level 4 spell: Ice Form
  9059 | D:6      | You fall into a shaft and drop 1 floor!
  9059 | D:7      | Found a staircase to the Ecumenical Temple.
  9068 | Temple   | Entered the Ecumenical Temple
  9102 | Temple   | Became a worshipper of Sif Muna the Loreminder
  9521 | D:6      | Gained mutation: Your flesh is cold resistant. (rC+)
                  | [potion of mutation]
  9521 | D:6      | Gained mutation: You have a pair of small antennae on your
                  | head. [potion of mutation]
  9521 | D:6      | Gained mutation: You are resistant to hostile enchantments.
                  | (MR+) [potion of mutation]
  9521 | D:6      | Gained mutation: You are highly resistant to hostile
                  | enchantments. (MR++) [potion of mutation]
  9964 | D:7      | Found Zauckyonu's Antique Weapon Shoppe.
 10060 | D:6      | Reached skill level 1 in Invocations
 10229 | D:6      | Learned a level 1 spell: Freeze
 10858 | D:7      | Reached skill level 5 in Fighting
 10874 | D:7      | Learned a level 1 spell: Apportation
 11234 | D:6      | Upgraded the game from 0.25-a0-670-g50981ef59b to
                  | 0.25-a0-690-g234afa57d4
 11331 | D:7      | Reached XP level 9. HP: 43/74 MP: 12/15
 12207 | D:7      | Reached * piety under Sif Muna
 13591 | D:7      | Reached skill level 5 in Unarmed Combat
 13968 | D:7      | Reached skill level 5 in Dodging
 14193 | D:7      | Killed from afar by an electric eel

Levels and vault maps discovered:
D:1:      eino_arrival_cavern_a, layout_basic, lexackson_kobold_supper
D:2:      layout_rooms
D:3:      layout_basic, zin_scriptorium, uniq_sigmund, uniq_crazy_yiuf_cottage
D:4:      layout_basic, first_ration
D:5:      layout_gridville, uniq_duvessa
D:6:      layout_loops_ring
D:7:      layout_cave_pools, temple_hall, serial_shops, shop, serial_gnoll_camp,
          gnoll_camp_mini_house, gnoll_camp_huts_moat, gnoll_camp_mini_house,
          gnoll_camp_mini_house
Temple:   minmay_crystal_snake_temple

Skill      XL: |  1  2  3  4  5  6  7  8  9 |
---------------+----------------------------+-----
Dodging        | 2 3 4 5 |  5.1
Poison Magic   | 1 2 3 4 |  4.3
Unarmed Combat | 4 5 |  5.0
Stealth        | 1 2 3 4 |  4.0
Fighting       | 2 3 5 |  5.3
Spellcasting   | 3 4 |  4.3
Transmutations | 3 4 |  4.6
Staves         | 1 2 |  2.9
Invocations    | 2 3 |  3.1
Throwing       | |  0.1
Ice Magic      | |  0.3

Action                   |  1- 3 |  4- 6 |  7- 9 || total
-------------------------+-------+-------+-------++-------
Melee: Unarmed           |   210 |   234 |   110 ||   554
       Tailslap          |    31 |    29 |    48 ||   108
       Kick              |    17 |    19 |    36 ||    72
       Headbutt          |     3 |    11 |    19 ||    33
       Punch             |     5 |     1 |     7 ||    13
       Staff             |       |       |   645 ||   645
Throw: Boomerang         |       |     2 |     5 ||     7
       Stone             |       |       |     1 ||     1
 Cast: Beastly Appendage |    23 |    24 |    51 ||    98
       Sticks to Snakes  |     9 |    32 |    59 ||   100
       Spider Form       |       |     2 |    20 ||    22
       Freeze            |       |       |     7 ||     7
       Ice Form          |       |       |     2 ||     2
 Abil: Breathe Acid      |       |       |     1 ||     1
       End Transformatio |       |       |     1 ||     1
Evoke: Wand              |       |     2 |     1 ||     3
  Use: Potion            |       |     3 |     5 ||     8
       Scroll            |       |       |     9 ||     9
 Stab: Sleeping          |       |     1 |     3 ||     4
       Distracted        |       |       |     3 ||     3
  Eat: Chunk             |     3 |     8 |     7 ||    18
       Ration            |       |     2 |     9 ||    11
Armor: Skin              |    43 |    68 |   299 ||   410
Dodge: Dodged            |   103 |   156 |   676 ||   935

Table legend:
 A = Non-vault XP
 B = Vault XP
 C = Vault XP percentage of total XP
 D = Non-vault monster count
 E = Vault monster count
 F = Vault count percentage of total count
                 A         B        C        D         E       F
            +---------+---------+-------+---------+---------+-------
      Total |    2918 |     943 |  24.4 |     152 |      40 |  20.8
            +---------+---------+-------+---------+---------+-------
        D:1 |      51 |      12 |  19.0 |      29 |       8 |  21.6
        D:2 |     138 |       0 |   0.0 |      21 |       0 |   0.0
        D:3 |     162 |       0 |   0.0 |      29 |       0 |   0.0
        D:4 |     149 |       0 |   0.0 |       9 |       0 |   0.0
        D:5 |     907 |     176 |  16.3 |      27 |       2 |   6.9
        D:6 |     672 |      40 |   5.6 |      21 |       1 |   4.5
        D:7 |     839 |     715 |  46.0 |      16 |      29 |  64.4
            +---------+---------+-------+---------+---------+-------
